 Dungeon Crawl Stone Soup version 0.21-a0-227-g58a7c62 (webtiles) character file.

21 qqqbard the Skirmisher (level 2, 0/16 HPs)
             Began as a Vine Stalker Fighter on Aug 30, 2017.
             Slain by an adder (2 damage)
             ... on level 1 of the Dungeon.
             The game lasted 00:01:20 (737 turns).

qqqbard the Skirmisher (Vine Stalker Fighter)        Turns: 737, Time: 00:01:20

Health: 0/16       AC:  6    Str: 18    XL:     2   Next: 83%
Magic:  0/3        EV:  7    Int:  8    God:
Gold:   59         SH:  9    Dex: 13    Spells: 1/1 levels left

rFire    . . .     SeeInvis .   a - +0 long sword
rCold    . . .     Gourm    .   c - +0 shield
rNeg     . . .     Faith    .   b - +0 scale mail
rPois    .         Spirit   +   (no helmet)
rElec    .         Reflect  .   (no cloak)
rCorr    .         Harm     .   (no gloves)
MR       .....                  (no boots)
Stlth    ..........             (no amulet)
HPRegen  0.05/turn              (no ring)
MPRegen  0.08/turn              (no ring)

@: no status effects
A: fangs 2, magic shield, antimagic bite, no potion heal 3, rot immunity
a: no special abilities


You were on level 1 of the Dungeon.
You were not hungry.

You visited 1 branch of the dungeon, and saw 2 of its levels.

You collected 59 gold pieces.

Inventory:

Hand Weapons
 a - a +0 long sword (weapon)
Armour
 b - a +0 scale mail (worn)
 c - a +0 shield (worn)
Jewellery
 j - an uncursed amulet of harm {unknown}
Scrolls
 e - a scroll of identify {unknown}
 i - 2 scrolls of magic mapping {unknown}
 k - 2 scrolls of remove curse {unknown}
 l - a scroll of noise {unknown}
 m - a scroll of enchant armour {unknown}
Potions
 d - 2 potions of might
 h - a potion of haste {unknown}
 n - a potion of curing
 p - a potion of agility {unknown}
Comestibles
 f - a bread ration
 g - a meat ration
 o - 3 chunks of flesh


   Skills:
 * Level 3.0 Fighting
 * Level 2.3 Long Blades
 + Level 2.4 Armour
 + Level 0.1 Dodging
 + Level 2.8 Shields


You had one spell level left.
You didn't know any spells.

Dungeon Overview and Level Annotations

Branches:
Dungeon (2/15)

Altars:


Innate Abilities, Weirdness & Mutations

You have extremely sharp teeth.
When hurt, damage is shared between your health and your magic reserves.
Your bite disrupts and absorbs the magic of your enemies.
Potions cannot restore your health.
You are immune to rotting.


Message History

You feel sick. You block the adder's attack. The adder barely misses you.
You riposte.
You hit the adder.
The adder is severely wounded.
The adder bites you. The goblin hits you.
* * * LOW HITPOINT WARNING * * *
You climb upwards.
* * * LOW HITPOINT WARNING * * *
You feel sick.
There is a stone staircase leading down here.
It was a potion of curing.
Your system rejects the healing.
You feel better. You block the adder's attack. The adder bites you.
* * * LOW HITPOINT WARNING * * *
The goblin hits you but does no damage.
Okay, then.
You block the adder's attack. You block the adder's attack.
Your shield and scale mail prevent you from hitting the adder.
Your bite misses the adder. You block the adder's attack.
You closely miss the adder. The adder bites you.
You die...

# ####.........########## #. #
#..................# #. #
##...######.###.##.# #. ## ##.##
#.###.##.# ##. .# #.# #.....##.#
#.. .# #.# #..)..##.# #.. .#
##'## #S>..###.# #.. .# ##...##
#S#.## #.# #.. .# ##.....##
#@#.####.# #.# ## ##.......##
#........# #..
####)........####...###########.)
...'.........+...................
####.........####...########.....
# ##.......## #...# #.##.. #
##.....## ###...#### #.##.. #
##...## #........# #.##.. ##'##
#........# #.....


You could see 2 adders.

Vanquished Creatures
  A dart slug (D:1)
  2 bats (D:1)
  A giant cockroach (D:1)
  3 goblins
  A hobgoblin (D:1)
  3 jackals (D:1)
  2 kobolds (D:1)
  2 frilled lizards (D:1)
  2 rats (D:1)
17 creatures vanquished.

Notes
Turn   | Place    | Note
-------+----------+-------------------------------------------
     0 | D:1      | qqqbard the Vine Stalker Fighter began the quest for the Orb.
     0 | D:1      | Reached XP level 1. HP: 11/11 MP: 2/2
    82 | D:1      | Reached XP level 2. HP: 16/16 MP: 3/3
   539 | D:1      | Reached skill level 3 in Fighting
   737 | D:1      | Slain by an adder

Vault maps used:
D:1:      scummos_arrival_forest, serial_glass, glass_columns_a,
          glass_columns_a, glass_columns_b, minmay_split_cup_small
D:2:      uniq_terence, uniq_sigmund

Skill      XL: |  1  2 |
---------------+-------+-----
Long Blades    | 2 |  2.3
Fighting       | 3 |  3.0
Armour         | |  2.4
Dodging        | |  0.1
Shields        | |  2.8

Action                   || total
-------------------------++-------
Melee: Long sword        ||    44
       Bite              ||    10
  Use: Potion            ||     1
Armor: Scale mail        ||    18
Dodge: Dodged            ||    17
Block: Shield            ||    33
       Rpst.: Long sword ||     5

Table legend:
 A = Spawn XP
 B = Non-spawn XP
 C = Spawn XP percentage of total XP
 D = Spawn monster count
 E = Non-spawn monster count
 F = Spawn count percentage of total count
 G = Total turns spent on level
                    A         B        C        D         E        F      G
               +---------+---------+-------+---------+---------+-------+---------
         Total |       0 |      30 |   0.0 |       0 |      17 |   0.0 |   737
               +---------+---------+-------+---------+---------+-------+---------
           D:1 |       0 |      29 |   0.0 |       0 |      16 |   0.0 |   728
           D:2 |       0 |       1 |   0.0 |       0 |       1 |   0.0 |     9
               +---------+---------+-------+---------+---------+-------+---------
